 Dungeon Crawl Stone Soup version 0.20-a0-73-g65ed1cb (webtiles) character file.

27 KristoblXynda the Chucker (level 3, 0/32 HPs)
             Began as a Naga Hunter on Nov 18, 2016.
             Slain by an adder (4 damage)
             ... on level 2 of the Dungeon.
             The game lasted 00:02:10 (1454 turns).

KristoblXynda the Chucker (Naga Hunter)             Turns: 1454, Time: 00:02:11

Health: 0/32       AC:  2    Str: 14    XL:     3   Next: 10%
Magic:  12/12      EV:  6    Int: 12    God:
Gold:   29         SH:  8    Dex: 11    Spells: 0 memorised, 2 levels left

rFire  . . .     SeeInvis +     j - +0 whip
rCold  . . .     Gourm    .     b - +0 leather armour
rNeg   . . .     Faith    .     q - +2 shield
rPois  +         Spirit   .     (no helmet)
rElec  .         Reflect  .     (no cloak)
rCorr  .         Harm     .     (no gloves)
MR     .....                    (no barding)
Stlth  ++........               (no amulet)
                                (no ring)
                                h - ring of magical power

@: short of breath, very slow
A: see invisible, deformed body, poison resistance, slowness 2, slow metabolism
1, spit poison 1, AC +1
a: Spit Poison


You were on level 2 of the Dungeon.
You were hungry.

You visited 1 branch of the dungeon, and saw 2 of its levels.

You collected 29 gold pieces.

Inventory:

Hand Weapons
 j - a +0 whip (weapon)
Missiles
 c - 6 javelins (quivered)
 d - 2 throwing nets
Armour
 b - a +0 leather armour (worn)
 q - a +2 shield (worn)
Jewellery
 h - a ring of magical power (left hand)
 m - an uncursed amulet of rage {unknown}
Scrolls
 a - a scroll of identify {unknown}
 g - a scroll of blinking {unknown}
 n - a scroll of teleportation {unknown}
Potions
 p - a potion of haste {unknown}
Comestibles
 f - 3 bread rations
 i - a meat ration
 l - 3 fruits
 o - 2 chunks of flesh


   Skills:
 - Level 2.0 Fighting
 + Level 3.9 Throwing
 + Level 1.9 Dodging
 + Level 3.3 Stealth


You had 2 spell levels left.
You didn't know any spells.

Dungeon Overview and Level Annotations

Branches:
Dungeon (2/15)

Altars:


Innate Abilities, Weirdness & Mutations

You cannot wear boots.
Your serpentine skin is tough. (AC +1)
You have supernaturally acute eyesight. (SInv)
Armour fits poorly on your strangely shaped body.
Your system is resistant to poisons. (rPois)
You cover ground very slowly.
You have a slow metabolism.
You can spit poison.


Message History

Press: ? - help, Shift-Dir - straight line, f/p - adder
Aim: an adder (almost dead)
The splash of poison misses the adder.
You are feeling hungry.
You block the adder's attack.
You miss the adder.
The adder is almost dead.
You block the adder's attack. The adder bites you but does no damage.
You miss the adder.
The adder is almost dead.
The adder closely misses you. The adder bites you.
* * * LOW HITPOINT WARNING * * *
You barely miss the adder.
The adder is almost dead.
The adder bites you.
* * * LOW HITPOINT WARNING * * *
You barely miss the adder.
The adder is almost dead.
You block the adder's attack. The adder bites you.
You die...

##........#### ...#####
.#%.......... ........
........... ........
#......... ........
#...>...# ....####
#.......# . #...)$..# ##
#S# ..
#...###@#######...
#....(.............###
#...###.##.##..#...#....
###.###.#.#.#.. .....###
#........# #.. ...##.#..
..#.###.#.#.#..##.......
#.##.##(.#####.#.#
#..............#.#
####.###..........


You could see an adder.

Vanquished Creatures
  2 worms (D:2)
  A dart slug (D:2)
  A giant cockroach (D:1)
  A goblin (D:2)
  2 hobgoblins
  3 jackals (D:2)
  3 kobolds
  4 bats
  A frilled lizard (D:1)
  2 rats
20 creatures vanquished.

Notes
Turn   | Place    | Note
-------+----------+-------------------------------------------
     0 | D:1      | KristoblXynda the Naga Hunter began the quest for the Orb.
     0 | D:1      | Reached XP level 1. HP: 19/19 MP: 1/1
   319 | D:1      | Reached XP level 2. HP: 5/26 MP: 2/2
  1416 | D:2      | Reached XP level 3. HP: 11/32 MP: 3/3
  1454 | D:2      | Slain by an adder

Vault maps used:
D:1:      minmay_arrival_five_plusses
D:2:      chequers_temple_overflow_statue_of_worship, first_bread, uniq_robin,
          uniq_terence

Skill      XL: |  1  2 |
---------------+-------+-----
Stealth        | 2 3 |  3.3
Fighting       | |  2.0
Throwing       | |  3.9
Dodging        | |  1.9

Action                   || total
-------------------------++-------
Melee: Short sword       ||    11
       Whip              ||    93
Throw: Javelin           ||     5
 Abil: Spit Poison       ||    11
  Use: Potion            ||     2
 Stab: Sleeping          ||     3
  Eat: Chunk             ||     1
Armor: Leather armour    ||    30
       Skin              ||    26
Dodge: Dodged            ||    43
Block: Shield            ||    32
